 Dungeon Crawl Stone Soup version 0.19-a0-805-g0a78ef0 (webtiles) character file.

206 AlphabetPasta the Ducker (level 5, -3/31 HPs)
             Began as a Deep Elf Gladiator on June 27, 2016.
             Slain by an orc wizard
             ... wielding a +0 dagger
              (5 damage)
             ... on level 3 of the Dungeon.
             The game lasted 00:12:14 (2380 turns).

AlphabetPasta the Ducker (Deep Elf Gladiator)       Turns: 2380, Time: 00:12:15

Health: -3/31      AC:  5    Str: 18    XL:     5   Next: 53%
Magic:  7/7        EV: 14    Int: 13    God:
Gold:   103        SH:  0    Dex: 15    Spells: 0 memorised, 4 levels left

rFire  . . .     SeeInvis .     a - +0 quarterstaff
rCold  . . .     Gourm    .     b - +0 leather armour
rNeg   . . .     Faith    .     (shield currently unavailable)
rPois  .         Spirit   .     k - +0 helmet (curse)
rElec  .         Dismiss  .     t - +0 cloak
rCorr  .         Reflect  .     (no gloves)
SustAt .         Harm     .     (no boots)
MR     .....                    i - amulet of rage
Stlth  +.........               (no ring)
                                (no ring)

@: mighty, not resistant to hostile enchantments, very unstealthy
A: no striking features
a: Evoke Berserk Rage


You were on level 3 of the Dungeon.
You were not hungry.

You visited 1 branch of the dungeon, and saw 3 of its levels.

You collected 103 gold pieces.

Inventory:

Hand Weapons
 a - a +0 quarterstaff (weapon)
Missiles
 d - 2 throwing nets (quivered)
 e - 7 poisoned needles
Armour
 b - a +0 leather armour (worn)
 c - a +0 helmet
 k - a cursed +0 helmet (worn)
 t - a +0 cloak (worn)
Jewellery
 i - an amulet of rage (around neck)
 r - a +3 ring of protection {unknown}
Scrolls
 g - a scroll of enchant weapon {unknown}
 j - a scroll of remove curse {unknown}
 m - a scroll of noise {unknown}
 o - 2 scrolls of random uselessness {unknown}
 p - a scroll of enchant armour {unknown}
 q - 2 scrolls of identify {unknown}
 s - 2 scrolls of fear {unknown}
 u - 2 scrolls of amnesia {unknown}
 w - a scroll of immolation {unknown}
Potions
 h - a potion of might
 l - a potion of invisibility {unknown}
 n - a potion of magic {unknown}
 v - a potion of brilliance {unknown}
Comestibles
 f - 2 bread rations
 x - 4 chunks of flesh


   Skills:
 * Level 2.4 Fighting
 * Level 4.1 Staves
 + Level 3.0 Throwing
 + Level 1.6 Armour
 + Level 4.2 Dodging
 + Level 1.3 Evocations


You had 4 spell levels left.
You didn't know any spells.

Dungeon Overview and Level Annotations

Branches:
Dungeon (3/15)

Altars:
Dithmenos
Nemelex Xobeh


Message History

You hear some strange, mumbled words.
A magic dart appears from out of thin air!
The magic dart hits you!
You hit something but do no damage. Something hits you but does no damage.
You barely miss something.
You hear some strange, mumbled words.
A puff of flame appears from out of thin air!
The puff of flame hits you!
You closely miss something. Something hits you.
* * * LOW HITPOINT WARNING * * *
You closely miss something.
You hear some strange, mumbled words.
A magic dart appears from out of thin air!
The magic dart hits you!
* * * LOW HITPOINT WARNING * * *
It was a potion of might.
You feel very mighty all of a sudden. Something hits you but does no damage.
You barely miss something. Something hits you.
You die...

### ##.##
##...####
#........
########.....###
#.............#
#)######.....##
###.# ##...##
#@#.# ##.##
#...)#{.######
###
#.#<.###......#
...# ##.....#
..%#. ......# .#
. .......... #
oo......###
##........#
#.........#


There were no monsters in sight!

Vanquished Creatures
  The ghost of AlphabetPasta the Magician, an amateur HuWz of Vehumet (D:3)
  A crimson imp (D:3)
  3 adders
  A worm (D:2)
  2 dart slugs
  4 giant geckos
  3 orcs (D:3)
  6 bats
  4 giant cockroaches
  4 goblins
  10 hobgoblins
  A quokka (D:3)
  A ball python (D:2)
  5 giant newts
  3 kobolds
  6 rats
55 creatures vanquished.

Notes
Turn   | Place    | Note
--------------------------------------------------------------
     0 | D:1      | AlphabetPasta the Deep Elf Gladiator began the quest for the Orb.
     0 | D:1      | Reached XP level 1. HP: 12/12 MP: 3/3
   298 | D:1      | Reached XP level 2. HP: 8/17 MP: 4/4
  1089 | D:2      | Reached XP level 3. HP: 15/21 MP: 5/5
  1326 | D:2      | Found a shadowy altar of Dithmenos.
  1350 | D:2      | Reached skill level 1 in Armour
  1490 | D:2      | Found a sparkling altar of Nemelex Xobeh.
  1988 | D:3      | Reached XP level 4. HP: 26/26 MP: 6/6
  2082 | D:3      | Noticed AlphabetPasta's ghost (amateur HuWz)
  2216 | D:3      | Killed AlphabetPasta's ghost
  2216 | D:3      | Reached skill level 1 in Evocations
  2216 | D:3      | Reached XP level 5. HP: 31/31 MP: 7/7
  2380 | D:3      | Slain by an orc wizard

Vault maps used:
D:1:      lightli_arrival_boilingwater
D:2:      nicolae_dithmenos_shadow_blocks, nemelex_xobeh_ov_fountains_minmay
D:3:      grunt_pakellas_salt, first_bread, st_stairs_11, eino_tiny_chamber,
          minivault_4

Skill      XL: |  1  2  3  4 |
---------------+-------------+-----
Armour         | 1 |  1.6
Dodging        | 4 |  4.2
Fighting       | 2 |  2.4
Staves         | 4 |  4.1
Throwing       | 3 |  3.0
Evocations     | 1 |  1.3

Action                   |  1- 3 |  4- 6 || total
-------------------------+-------+-------++-------
Melee: Quarterstaff      |   137 |    44 ||   181
Throw: Throwing net      |     6 |       ||     6
 Abil: Evoke Berserk Rag |     1 |     2 ||     3
  Use: Potion            |       |     1 ||     1
 Stab: Sleeping          |     3 |       ||     3
       Held in net/web   |     3 |       ||     3
  Eat: Chunk             |     4 |       ||     4
       Beef jerky        |       |     1 ||     1
       Meat ration       |       |     1 ||     1
Armor: Leather armour    |    21 |    12 ||    33
Dodge: Dodged            |    73 |    17 ||    90
